 Dungeon Crawl Stone Soup version 0.30-a0-1157-g2cc9ac7196 (webtiles) character file.

Game seed: 13961006950656015855

448 hwolsky the Chopper (level 6, -6/56 HPs)
             Began as a Minotaur Fighter on Apr 24, 2023.
             Mangled by an ogre
             ... wielding a +0 giant club
              (27 damage)
             ... on level 5 of the Dungeon.
             The game lasted 00:08:44 (3496 turns).

hwolsky the Chopper (Minotaur Fighter)              Turns: 3496, Time: 00:08:45

Health: -6/56      AC:  8    Str: 22    XL:     6   Next: 73%
Magic:  5/5        EV:  9    Int:  5    God:
Gold:   186        SH:  5    Dex: 10    Spells: 5/5 levels left

rFire   . . .        a - +0 war axe
rCold   . . .        c - +0 buckler
rNeg    . . .        b - +0 scale mail
rPois   .            (helmet restricted)
rElec   .            (no cloak)
rCorr   .            p - +0 pair of gloves
SInv    .            (no boots)
Will    .....        (no amulet) Stlth
                     (no ring)
HPRegen 0.29/turn    (no ring)
MPRegen 0.09/turn

%: no passive effects
@: no status effects
A: horns 2, retaliatory headbutt
a: no special abilities


You were on level 5 of the Dungeon.
You visited 1 branch of the dungeon, and saw 5 of its levels.

You collected 186 gold pieces.

Inventory:

Hand Weapons
 a - a +0 war axe (weapon)
Missiles
 h - 2 curare-tipped darts
 o - 9 poisoned darts (quivered)
 t - 3 boomerangs
Armour
 b - a +0 scale mail (worn)
 c - a +0 buckler (worn)
 p - a +0 pair of gloves (worn)
Wands
 n - a wand of charming (6)
Scrolls
 e - 2 scrolls of vulnerability
 m - 2 scrolls of teleportation
 w - a scroll of acquirement {unknown}
 x - a scroll of enchant weapon {unknown}
 y - a scroll of blinking
Potions
 d - 3 potions of might
 f - 2 potions of flight
 g - 2 potions of berserk rage {unknown}
 i - 3 potions of curing
 j - 2 potions of heal wounds {unknown}
 k - 3 potions of brilliance {unknown}
 l - a potion of lignification {unknown}
 q - a potion of invisibility {unknown}
 r - a potion of attraction {unknown}
 s - a potion of haste {unknown}
 u - a potion of resistance {unknown}
 v - a potion of mutation {unknown}


   Skills:
 + Level 5.2 Fighting
 * Level 5.7 Axes
 + Level 5.2 Armour
 + Level 5.3 Shields


You had 5 spell levels left.
You didn't know any spells.
Your spell library contained the following spells:

 Spells                   Type           Power      Damage    Failure   Level
 Lesser Beckoning         Tloc           0%         N/A       94%         2
 Gell's Gravitas          Tloc           0%         N/A       99%         3
 Teleport Other           Tloc           0%         N/A       99%         3
 Borgnjor's Revivificati  Necr           0%         N/A       100%        8
 Necromutation            Tmut/Necr      0%         N/A       100%        8
 Death's Door             Necr           0%         N/A       100%        9


Dungeon Overview and Level Annotations

Branches:
Dungeon (5/15)
 Temple: D:4-7

Altars:


Innate Abilities, Weirdness & Mutations

You have a pair of horns on your head.
You reflexively headbutt those who attack you in melee.


Message History

a +0 whip; a +2 leather armour of poison resistance
There is a stone staircase leading down here.
You climb downwards.
There is a stone staircase leading up here.
You now have 186 gold pieces (gained 8).
y - a scroll of blinking You open the door.
A scorpion comes into view.
There is an open door here.
A scorpion is nearby!
A scorpion is nearby!
A scorpion is nearby!
A scorpion is nearby!
A scorpion is nearby!
An ogre comes into view. It is wielding a +0 giant club.
Found a scroll of fear.
The ogre shouts!
The scorpion stings you but does no damage.
You slash the scorpion!
The scorpion is heavily wounded.
The scorpion stings you but does no damage.
You closely miss the scorpion.
The scorpion is heavily wounded.
The scorpion stings you but does no damage.
You barely miss the scorpion.
The scorpion is heavily wounded.
The scorpion barely misses you. The scorpion stings you.
You hit the scorpion but do no damage. Your headbutt misses the scorpion.
The scorpion is heavily wounded.
The scorpion stings you but does no damage.
You completely miss the scorpion.
The scorpion is heavily wounded.
The scorpion stings you. The scorpion closely misses you.
The ogre hits you with a +0 giant club!!
Ouch! That really hurt!
You slash the scorpion!
You kill the scorpion!
You slash the ogre!
The ogre hits you with a +0 giant club!!
You die...

#.# #.......#
#.# #?......#
#.# #.......#
#.# #.......#
#.# #.......#
#.# #.......+
#.# #....^..#
#.#
#.....O@#####.#
........#.....#
........#.#####
........'.#
........###
.........
##########


You could see an ogre.

Vanquished Creatures
  Sigmund (D:3)
  A scorpion (D:5)
  An orc priest (D:4)
  A hound (D:4)
  An iguana (D:4)
  5 adders
  A worm (D:4)
  A dart slug (D:2)
  8 orcs (D:4)
  9 ball pythons
  6 endoplasms
  4 giant cockroaches
  9 goblins
  11 hobgoblins
  2 jackals (D:3)
  3 quokkas
  4 bats
  2 frilled lizards
  14 kobolds
  2 rats (D:1)
86 creatures vanquished.

Vanquished Creatures (others)
  11 plants (D:1)
  14 withered plants (D:1)
25 creatures vanquished.

Grand Total: 111 creatures vanquished

Notes
Turn   | Place    | Note
-------+----------+-------------------------------------------
     0 | D:1      | hwolsky the Minotaur Fighter began the quest for the Orb.
     0 | D:1      | Reached XP level 1. HP: 19/19 MP: 0/0
    39 | D:1      | Reached XP level 2. HP: 22/27 MP: 1/1
   280 | D:1      | Found a faded altar of an unknown god.
   619 | D:2      | Reached XP level 3. HP: 33/33 MP: 2/2
  1183 | D:3      | Noticed Sigmund
  1198 | D:3      | Killed Sigmund
  1199 | D:3      | Reached XP level 4. HP: 16/41 MP: 3/3
  1199 | D:3      | Reached XP level 5. HP: 18/47 MP: 4/4
  1672 | D:3      | Reached skill level 5 in Axes
  2139 | D:4      | Reached XP level 6. HP: 48/55 MP: 5/5
  2501 | D:4      | Reached skill level 5 in Shields
  2595 | D:4      | Reached skill level 5 in Fighting
  2595 | D:4      | Reached skill level 5 in Armour
  3459 | D:5      | Entered Level 5 of the Dungeon
  3496 | D:5      | Mangled by an ogre

Illustrated notes

Levels and vault maps discovered:
D:1:      dpeg_arrival_simpleton_c, layout_rooms,
          shapermc_ecumenical_altar_flowoftime
D:2:      layout_basic, minmay_surrounded
D:3:      layout_loops_corners, uniq_sigmund
D:4:      layout_layer_cave, minmay_goblin_outpost
D:5:      layout_basic

Skill      XL: |  1  2  3  4  5  6 |
---------------+-------------------+-----
Axes           | 3 4 5 |  5.7
Fighting       | 4 5 |  5.2
Armour         | 4 5 |  5.2
Shields        | 4 5 |  5.3

Action                     |  1- 3 |  4- 6 || total
---------------------------+-------+-------++-------
  Melee: War axe           |    93 |    91 ||   184
         Headbutt          |    19 |    10 ||    29
  Throw: Dart              |       |    32 ||    32
    Use: Scroll            |     7 |     2 ||     9
         Potion            |     1 |       ||     1
 Armour: Scale mail        |    37 |    40 ||    77
  Dodge: Dodged            |    32 |    36 ||    68
  Block: Buckler           |    15 |    28 ||    43

Table legend: (Time is in decaauts)
 A = Elapsed time spent in this place.
 B = Non-inter-level travel time spent in this place.
 C = Inter-level travel time spent in this place.
 D = Time resting spent in this place.
 E = Time spent auto-exploring this place.
 F = Levels seen in this place.
 G = Mean time per level.
                   A        B        C        D        E       F      G
               +--------+--------+--------+--------+--------+-----+--------+
         Total |   3556 |   3485 |     71 |     35 |   2537 |   5 |  711.2 |
       Dungeon |   3556 |   3485 |     71 |     35 |   2537 |   5 |  711.2 |
               +--------+--------+--------+--------+--------+-----+--------+

Top non-repeatable levels by time:
     D:4: 1405 daAuts
     D:3: 899 daAuts
     D:2: 702 daAuts
     D:1: 509 daAuts
     D:5: 38 daAuts
